 Dungeon Crawl Stone Soup version 0.31-a0-149-g3fdcc5976a (webtiles) character file.

Game seed: 7236374041286537321

141 ders the Digger (level 5, 0/28 HPs)
             Began as a Gargoyle Earth Elementalist on June 7, 2023.
             Killed from afar by Ijyb (8 damage)
             ... with a puff of flame
             ... on level 3 of the Dungeon.
             The game lasted 00:03:26 (1855 turns).

ders the Digger (Gargoyle Earth Elementalist)       Turns: 1855, Time: 00:03:27

Health: 0/28       AC:  7    Str: 11    XL:     5   Next: 24%
Magic:  5/9        EV: 11    Int: 18    God:
Gold:   86         SH:  0    Dex: 10    Spells: 8/9 levels left

rFire   . . .        f - +0 short sword
rCold   . . .        (no shield)
rNeg    + . .        a - +0 robe
rPois   ∞            (no helmet)
rElec   +            c - +0 cloak
rCorr   .            (no gloves)
SInv    .            (no boots)
Will    .....        (no amulet)
Stlth   ++           (no ring)
HPRegen 0.24/turn    (no ring)
MPRegen 0.11/turn

%: no passive effects
@: no status effects
A: sickness immunity, AC +4, negative energy resistance 1, electricity
resistance, torment resistance 1, petrification resistance
a: no special abilities


You were on level 3 of the Dungeon.
You visited 1 branch of the dungeon, and saw 3 of its levels.

You collected 86 gold pieces.

Inventory:

Hand Weapons
 f - a +0 short sword (weapon)
Armour
 a - a +0 robe (worn)
 c - a +0 cloak (worn)
Scrolls
 d - a scroll of brand weapon {unknown}
 e - 3 scrolls of identify {unknown}
 i - a scroll of enchant weapon {unknown}
Potions
 b - a potion of magic
 g - a potion of might {unknown}
 h - a potion of enlightenment {unknown}


   Skills:
 - Level 1.5 Dodging
 - Level 2.1 Stealth
 + Level 2.9 Spellcasting
 * Level 3.5 Conjurations
 - Level 0.7 Transmutations
 + Level 4.6 Earth Magic


You had 8 spell levels left.
You knew the following spells:

 Your Spells              Type           Power      Damage    Failure   Level
a - Sandblast             Erth           38%        2d10      2%          1

Your spell library contained the following spells:

 Spells                   Type           Power      Damage    Failure   Level
 Passwall                 Tmut/Erth      10%        N/A       9%          2
 Stone Arrow              Conj/Erth      34%        3d9       9%          3
 Ensorcelled Hibernation  Hex/Ice        4%         N/A       26%         2
 Spider Form              Tmut/Pois      3%         N/A       38%         3
 Petrify                  Tmut/Erth      12%        N/A       47%         4
 Anguish                  Hex/Necr       1%         N/A       86%         4


Dungeon Overview and Level Annotations

Branches:
Dungeon (3/15)

Altars:

Shops:
D:1 [

Annotations:
D:3 Ijyb


Innate Abilities, Weirdness & Mutations

You are immune to sickness and miasma.
Your stone body is resilient. (AC +4)
You are immune to poison.
You resist negative energy. (rN+)
You are resistant to electric shocks. (rElec)
You are resistant to unholy torment.
You are immune to petrification.


Message History

Ijyb is nearby!
Found a lumpy brown potion.
You see here a scorpion corpse.
Casting: Sandblast (safe; 2% risk of failure)
Confirm with . or Enter, or press ? or * to list all spells.
Aiming: Sandblast (safe; 2% risk of failure)
Press: ? - help, Shift-Dir - straight line, f - Ijyb
Aim: Ijyb, wielding a +0 club, wearing a +0 leather armour and carrying a wand of flame (12) (77% to hit)
The blast of sand hits Ijyb.
Ijyb is lightly wounded.
Ijyb zaps a wand.
The puff of flame hits you!
Unknown command.
Casting: Sandblast (safe; 2% risk of failure)
Confirm with . or Enter, or press ? or * to list all spells.
Aiming: Sandblast (safe; 2% risk of failure)
Press: ? - help, Shift-Dir - straight line, f/p - Ijyb
Aim: Ijyb, wielding a +0 club, wearing a +0 leather armour and carrying a wand of flame (11) (lightly wounded, 77% to hit)
The blast of sand hits Ijyb!
Ijyb is heavily wounded.
Ijyb zaps a wand.
The puff of flame hits you but does no damage.
Unknown command.
Casting: Sandblast (safe; 2% risk of failure)
Confirm with . or Enter, or press ? or * to list all spells.
Aiming: Sandblast (safe; 2% risk of failure)
Press: ? - help, Shift-Dir - straight line, f/p - Ijyb
Aim: Ijyb, wielding a +0 club, wearing a +0 leather armour and carrying a wand of flame (10) (heavily wounded, 77% to hit)
The blast of sand hits Ijyb!
Ijyb is almost dead.
Ijyb screams, "Me stronger than you!"
Ijyb zaps a wand.
The puff of flame hits you!
* * * LOW HITPOINT WARNING * * *
Unknown command.
Casting: Sandblast (safe; 2% risk of failure)
Confirm with . or Enter, or press ? or * to list all spells.
Aiming: Sandblast (safe; 2% risk of failure)
Press: ? - help, Shift-Dir - straight line, f/p - Ijyb
Aim: Ijyb, wielding a +0 club, wearing a +0 leather armour and carrying a wand of flame (9) (almost dead, 77% to hit)
The blast of sand misses Ijyb.
Ijyb zaps a wand.
The puff of flame hits you!
You die...

... ... # #.####.# ##
#.#..#.#...#. .
#.#†.....#.#.###.
.#######.#....#.#.#...#.
..........)†...........
.........#<..##.....#.###
######..@##########.....#
#.?.g............#.#
..........### ###..s<#
#.............. ..#..###
#.........#.### #.#..#
..........#.# #.#..# # #
...!......# . #.#..###
#.##... ......!...# .
#.#.g... ....... #.#.:...


You could see Ijyb.

Vanquished Creatures
  A scorpion (D:3)
  A gnoll (D:2)
  2 adders (D:2)
  2 dart slugs (D:1)
  7 endoplasms
  2 giant cockroaches
  6 goblins
  6 hobgoblins
  3 quokkas
  3 ball pythons
  6 bats
  7 frilled lizards
  5 kobolds
  A rat (D:1)
52 creatures vanquished.

Notes
Turn   | Place    | Note
-------+----------+-------------------------------------------
     0 | D:1      | ders the Gargoyle Earth Elementalist began the quest for
                  | the Orb.
     0 | D:1      | Reached XP level 1. HP: 10/10 MP: 3/3
    92 | D:1      | Reached skill level 1 in Conjurations
    97 | D:1      | Reached XP level 2. HP: 15/15 MP: 1/5
   580 | D:1      | Reached skill level 4 in Earth Magic
   631 | D:1      | Reached XP level 3. HP: 19/19 MP: 4/6
  1079 | D:2      | Reached XP level 4. HP: 16/24 MP: 0/7
  1683 | D:3      | Noticed a scorpion
  1684 | D:3      | Noticed Ijyb
  1782 | D:3      | Killed a scorpion
  1783 | D:3      | Reached XP level 5. HP: 20/28 MP: 3/9
  1855 | D:3      | Killed from afar by Ijyb

Illustrated notes

Levels and vault maps discovered:
D:1:      dpeg_arrival_long_road, layout_loops_cross, serial_shops,
          nicolae_shop_pleasant_corner_grove
D:2:      layout_rooms
D:3:      layout_basic, uniq_sigmund, uniq_ijyb

Skill      XL: |  1  2  3  4 |
---------------+-------------+-----
Conjurations   | 1 2 3 |  3.5
Earth Magic    | 4 |  4.6
Dodging        | |  1.5
Stealth        | |  2.1
Spellcasting   | |  2.9
Transmutations | |  0.7

Action                     |  1- 3 |  4- 6 || total
---------------------------+-------+-------++-------
  Melee: Unarmed           |     4 |       ||     4
         Short sword       |     4 |     4 ||     8
   Cast: Sandblast         |    52 |    33 ||    85
 Armour: Robe              |    22 |    18 ||    40
  Dodge: Dodged            |    17 |    14 ||    31

Table legend: (Time is in decaauts)
 A = Elapsed time spent in this place.
 B = Non-inter-level travel time spent in this place.
 C = Inter-level travel time spent in this place.
 D = Time resting spent in this place.
 E = Time spent auto-exploring this place.
 F = Levels seen in this place.
 G = Mean time per level.
                   A        B        C        D        E       F      G
               +--------+--------+--------+--------+--------+-----+--------+
         Total |   1897 |   1820 |     77 |     77 |   1449 |   3 |  632.3 |
       Dungeon |   1897 |   1820 |     77 |     77 |   1449 |   3 |  632.3 |
               +--------+--------+--------+--------+--------+-----+--------+

Top non-repeatable levels by time:
     D:1: 959 daAuts
     D:2: 829 daAuts
     D:3: 108 daAuts
